 Dungeon Crawl Stone Soup version 0.31-a0-865-g3d5d91748a (webtiles) character file.

Game seed: 16818688229872231816

2696321 RepHenryClay the Invulnerable (level 27, 199/245 HPs)
             Began as a Minotaur Gladiator on Oct 8, 2023.
             Was an Initiate of Gozag.
             Escaped with the Orb
             ... and 5 runes on Oct 10, 2023!
             The game lasted 03:22:03 (88261 turns).

RepHenryClay the Invulnerable (Minotaur Gladiator) Turns: 88261, Time: 03:22:04

Health: 199/245    AC: 25    Str: 35    XL:     27
Magic:  24/24      EV: 32    Int:  9    God:    Gozag
Gold:   85         SH: 20    Dex: 21    Spells: 29/29 levels left

rFire   + + +        a - +9 eveningstar (freeze)
rCold   + . .        q - +0 kite shield {rC+}
rNeg    + + .        x - +3 faerie dragon scales {rN++ rCorr Clar}
rPois   +            (helmet unavailable)
rElec   +            r - -1 cloak of the Armadillo {rElec rF+ Str+4}
rCorr   +            X - +1 pair of gloves "Owojux" {Contam Dex+5}
SInv    +            C - +2 pair of boots {rampage}
Will    ++++.        l - amulet of reflection
Stlth   +            g - ring of Immorality {Fly rPois}
HPRegen 0.60/turn    Y - ring "Eladdupn" {Drain rF+++ Will+ Str+4 SInv}
MPRegen 0.19/turn

%: reflection, clarity, rampage
@: flying, studying Fire Magic
A: horns 3, retaliatory headbutt, clever 1, frail 1, strong-willed 1
0: Orb of Zot
}: 5/15 runes: decaying, serpentine, slimy, silver, abyssal
a: Renounce Religion, Potion Petition, Call Merchant, Bribe Branch


You escaped.
You worshipped Gozag.
Gozag was noncommittal.
You visited 11 branches of the dungeon, and saw 53 of its levels.
You visited the Abyss 2 times.
You also visited: Ossuary, Gauntlet and Volcano.

You collected 31612 gold pieces.
You spent 8636 gold pieces at shops.
You paid 22891 gold pieces to Gozag.

Inventory:

Hand Weapons
 a - a +9 eveningstar of freezing (weapon)
Missiles
 e - 18 javelins
 I - 3 throwing nets
Armour
 c - the +1 hat of Parts Unknown {Str+4}
   (You bought it in a shop on level 1 of the Vaults)

   Str+4:     It affects your strength (+4).
 q - a +0 kite shield of cold resistance (worn)
 r - the -1 cloak of the Armadillo (worn) {rElec rF+ Str+4}
   (You acquired it on level 4 of the Dungeon)

   Str+4:     It affects your strength (+4).
   rF+:       It protects you from fire.
   rElec:     It insulates you from electricity.
 v - a +0 cloak of willpower
 x - the +3 faerie dragon scales (worn) {rN++ rCorr Clar}
   (You took it off the Enchantress on level 15 of the Dungeon)

   rN++:      It greatly protects you from negative energy.
   Clar:      It protects you from confusion, rage, mesmerisation and fear.
   rCorr:     It protects you from acid and corrosion.
 C - a +2 pair of boots of rampaging (worn)
 M - +1 gold dragon scales
 X - the +1 pair of gloves "Owojux" (worn) {Contam Dex+5}
   (You bought it in a shop on level 1 of the Vaults)

   Dex+5:     It affects your dexterity (+5).
   Contam:    It causes magical contamination when unequipped.
Jewellery
 g - the ring of Immorality (left hand) {Fly rPois}
   (You bought it in a shop on level 1 of the Vaults)

   [ring of poison resistance]

   rPois:     It protects you from poison Fly: It grants you flight.
 i - a ring of resist corrosion
 l - an amulet of reflection (around neck)
 p - the ring "Pesiph" {rPois rN+ SInv}
   (You took it off a minotaur in a Gauntlet)

   [ring of poison resistance]

   rPois:     It protects you from poison rN+: It protects you from negative
   energy.
   SInv:      It lets you see invisible.
 D - the ring of Mani {rF+ Will+ Dex+3}
   (You bought it in a shop on level 1 of the Vaults)

   [ring of willpower]

   Dex+3:     It affects your dexterity (+3).
   rF+:       It protects you from fire.
   Will+:     It increases your willpower.
 W - an amulet of regeneration
 Y - the ring "Eladdupn" (right hand) {Drain rF+++ Will+ Str+4 SInv}
   (You took it off a deep elf pyromancer on level 1 of the Elven Halls)

   [ring of willpower]

   Str+4:     It affects your strength (+4).
   rF+++:     It renders you almost immune to fire.
   Will+:     It increases your willpower.
   SInv:      It lets you see invisible.
   Drain:     It drains your maximum health when unequipped.
Wands
 y - a wand of iceblast (39)
 E - a wand of acid (43)
 K - a wand of digging (28)
 N - a wand of mindburst (14)
 T - a wand of charming (30)
Scrolls
 d - 5 scrolls of fog
 f - 6 scrolls of enchant armour
 o - 3 scrolls of fear
 s - 9 scrolls of blinking
 w - 9 scrolls of poison
 A - 18 scrolls of teleportation
 G - 5 scrolls of revelation
 H - 2 scrolls of torment
 O - 3 scrolls of silence
 P - 2 scrolls of enchant weapon
 S - 2 scrolls of butterflies
 V - 9 scrolls of amnesia
Potions
 b - a potion of might
 h - 4 potions of invisibility
 k - 20 potions of curing
 m - 11 potions of attraction
 n - a potion of haste
 t - 3 potions of cancellation
 z - 7 potions of lignification
 B - 3 potions of berserk rage
 J - 4 potions of resistance
 L - 5 potions of enlightenment
 R - 7 potions of heal wounds
 U - 6 potions of brilliance
 Z - a potion of ambrosia
Miscellaneous
 u - a condenser vane
 Q - a lightning rod (4/4)


   Skills:
 O Level 27 Fighting
 - Level 21.9 Maces & Flails
 - Level 2.0 Throwing
 O Level 27 Armour
 O Level 27 Dodging
 - Level 16.9 Shields
 - Level 1.5 Spellcasting
 + Level 18.0 Evocations


You had 29 spell levels left.
You didn't know any spells.
Your spell library contained the following spells:

 Spells                   Type           Power      Damage    Failure   Level
 Foxfire                  Conj/Fire      0%         2x1d4     43%         1
 Freeze                   Ice            0%         1d3       43%         1
 Magic Dart               Conj           0%         1d3       43%         1
 Necrotise                Necr           0%         1d4       43%         1
 Sandblast                Erth           0%         2d4       43%         1
 Shock                    Conj/Air       0%         1d3       43%         1
 Sting                    Tmut/Pois      0%         1d3       43%         1
 Summon Small Mammal      Summ           0%         N/A       43%         1
 Call Imp                 Summ           0%         N/A       56%         2
 Cigotuvi's Dreadful Rot  Necr/Pois/Air  0%         N/A       56%         2
 Ensorcelled Hibernation  Hex/Ice        0%         N/A       56%         2
 Jinxbite                 Hex            0%         N/A       56%         2
 Passwall                 Tmut/Erth      0%         N/A       56%         2
 Poisonous Vapours        Pois/Air       0%         N/A       56%         2
 Scorch                   Fire           0%         2d5       56%         2
 Static Discharge         Conj/Air       0%         2-2/arc   56%         2
 Sublimation of Blood     Necr           0%         N/A       56%         2
 Wereblood                Tmut           0%         N/A       56%         2
 Call Canine Familiar     Summ           0%         N/A       80%         3
 Dazzling Flash           Conj/Hex       0%         N/A       80%         3
 Frozen Ramparts          Ice            0%         1d1       80%         3
 Gell's Gravitas          Tloc           0%         N/A       80%         3
 Hailstorm                Conj/Ice       0%         3d3       80%         3
 Ignite Poison            Fire/Tmut/Pois 0%         N/A       80%         3
 Mephitic Cloud           Conj/Pois/Air  0%         N/A       80%         3
 Ozocubu's Armour         Ice            0%         N/A       80%         3
 Stone Arrow              Conj/Erth      0%         3d7       80%         3
 Summon Guardian Golem    Hex/Summ       0%         N/A       80%         3
 Swiftness                Air            0%         N/A       80%         3
 Teleport Other           Tloc           0%         N/A       80%         3
 Tukima's Dance           Hex            0%         N/A       80%         3
 Vampiric Draining        Necr           0%         2d6       80%         3
 Volatile Blastmotes      Fire/Tloc      0%         2d10      80%         3
 Airstrike                Air            0%         2d(0-16)  99%         4
 Anguish                  Hex/Necr       0%         N/A       99%         4
 Brom's Barrelling Bould  Conj/Erth      0%         2d3       99%         4
 Cause Fear               Hex            0%         N/A       99%         4
 Dimensional Bullseye     Hex/Tloc       0%         N/A       99%         4
 Dispel Undead            Necr           0%         3d6       99%         4
 Flame Wave               Conj/Fire      0%         2d4       99%         4
 Fulminant Prism          Conj/Hex       0%         3d5       99%         4
 Iskenderun's Mystic Bla  Conj/Tloc      0%         2d3       99%         4
 Leda's Liquefaction      Hex/Erth       0%         N/A       99%         4
 Manifold Assault         Tloc           0%         N/A       99%         4
 Olgreb's Toxic Radiance  Pois           0%         N/A       99%         4
 Passage of Golubria      Tloc           0%         N/A       99%         4
 Petrify                  Tmut/Erth      0%         N/A       99%         4
 Sticky Flame             Conj/Fire      0%         2d3       99%         4
 Summon Ice Beast         Ice/Summ       0%         N/A       99%         4
 Summon Lightning Spire   Summ/Air       0%         N/A       99%         4
 Agony                    Necr           0%         N/A       100%        5
 Freezing Cloud           Conj/Ice/Air   0%         6-21      100%        5
 Irradiate                Conj/Tmut      0%         3d11      100%        5
 Lee's Rapid Deconstruct  Erth           0%         3d4*      100%        5
 Silence                  Hex/Air        0%         N/A       100%        5
 Summon Forest            Summ/Tloc      0%         N/A       100%        5
 Summon Mana Viper        Hex/Summ       0%         N/A       100%        5
 Yara's Violent Unravell  Hex/Tmut       0%         3d3       100%        5
 Bombard                  Conj/Erth      0%         9d1       100%        6
 Conjure Ball Lightning   Conj/Air       0%         3x3d6     100%        6
 Death Channel            Necr           0%         N/A       100%        6
 Dispersal                Tloc           0%         N/A       100%        6
 Eringya's Noxious Bog    Tmut/Pois      0%         4d6       100%        6
 Plasma Beam              Fire/Air       0%         2x1d10    100%        6
 Starburst                Conj/Fire      0%         6d3       100%        6
 Summon Cactus Giant      Summ           0%         N/A       100%        6
 Enfeeble                 Hex            0%         N/A       100%        7
 Monstrous Menagerie      Summ           0%         N/A       100%        7
 Ozocubu's Refrigeration  Ice            0%         4d7       100%        7
 Summon Hydra             Summ           0%         N/A       100%        7
 Discord                  Hex            0%         N/A       100%        8
 Disjunction              Tloc           0%         N/A       100%        8
 Ignition                 Fire           0%         3d3       100%        8
 Lehudib's Crystal Spear  Conj/Erth      0%         10d2      100%        8
 Maxwell's Capacitive Co  Air            0%         ∞         100%        8
 Polar Vortex             Ice            0%         N/A       100%        9
 Shatter                  Erth           0%         3d5*      100%        9


Dungeon Overview and Level Annotations

Branches:
Dungeon (15/15)            Temple (1/1) D:7            Lair (5/5) D:8
  Swamp (4/4) Lair:3        Snake (4/4) Lair:2        Slime (5/5) Lair:5
    Orc (2/2) D:11            Elf (3/3) Orc:2        Vaults (5/5) D:13
  Crypt (0/3) Vaults:2     Depths (4/4) D:15            Zot (5/5) Depths:4
Ossuary (visited)         Volcano (visited)         Gauntlet (visited)

Altars:
Ashenzari
Cheibriados
Dithmenos
Elyvilon
Fedhas
Gozag
Hepliaklqana
Kikubaaqudgha
Makhleb
Nemelex Xobeh
Okawaru
Qazlal
Ru
Sif Muna
Trog
Uskayaw
Vehumet
Wu Jian
Xom
Yredelemnul
Zin
The Shining One
Jiyva

Shops:
D:1 [   D:3 =   Orc:1 !   Orc:2 ([**   Elf:1 [   Elf:2 ?   Snake:2 *
Vaults:1 **=?[=[?[   Vaults:3 :   Depths:3 (   Depths:4 ([*=[*

Portals:
Hell: Depths:1 Depths:2 Depths:3 Depths:4
Abyss: Depths:2 Depths:3
Pandemonium: Depths:2
Ziggurat: Depths:4
Trove: D:11 (show abyssal rune of Zot)

Annotations:
D:3 1 runed translucent door, Crazy Yiuf
D:6 Jeremiah
D:10 3 runed translucent doors
Lair:5 exclusion: obsidian statue
Elf:2 2 transporters, DocEon's ghost, adept VSEn
Vaults:1 good ring
Depths:3 3 runed translucent doors


Innate Abilities, Weirdness & Mutations

You have a pair of large horns on your head.
You reflexively headbutt those who attack you in melee.
Your mind is acute. (Int +4, Str/Dex -1)
You are frail. (-10% HP)
You are strong-willed. (Will+)


Message History

The bolt of lightning hits Vosutenu!
You impale Vosutenu!! You freeze Vosutenu!
Vosutenu is severely wounded.
Vosutenu gestures at you. The bolt of acid misses you.
Huge Dmg: -27%(-66hp) hp: 44%(107hp)
You flatten Vosutenu like a pancake!!! You freeze Vosutenu!
You kill Vosutenu!
Your Evocations skill increases to level 18!
You now have 85 gold pieces (gained 14).
You feel much better.
What level of the Dungeon? (default 1, ? - help)
You reach down and open the door.
There is an open door here.
There is an open door here.
There is a stone staircase leading up here.
You fly upwards.
There is a stone staircase leading down here.
Your extra speed is starting to run out.
You feel yourself slow down.
There is a stone staircase leading up here.
You see here a +0 flail.
You fly upwards.
Level annotation: 1 runed translucent door, Crazy Yiuf
There is a stone staircase leading down here.
There is a stone staircase leading up here.
You fly upwards.
There is a stone staircase leading down here.
You feel a little less mighty now.
You see here a +0 short sword of freezing.
There is an open door here.
You reach down and open the door.
There is an open door here.
There is a stone staircase leading up here.
You fly upwards.
There is a stone staircase leading down here.
There is an escape hatch in the floor here.
An ice devil comes into view.
There is a staircase leading out of the dungeon here.
You have escaped!

.#.)...##########..................
##.###.# #.....######.##...........
.#..#..# #...#.###......#...###....
....#.## #....4...........#####....
....÷÷# #....#.....#.....#........
.....## #....#.....#.#...#....####
.....## #....#.....#.....#....#
......####....#.....#....>#..>.#
..............#..@..#.........##
....##........#.....#.####....#
..............#.....#.##......#
......##......#.....#....##...#
......##......#.....#....######
........................##
........................#
........................#
#######.#..............÷###########


You could see an ice devil.

Vanquished Creatures
  the Royal Jelly (Slime:5)
  7 orbs of fire
  3 ancient liches
  Mara (Vaults:4)
  Mennas (Vaults:2)
  2 juggernauts
  Bai Suzhen (Vaults:1)
  Vv (Depths:1)
  Margery (Depths:1)
  9 Killer Klowns
  3 caustic shrikes
  Saint Roka (Vaults:5)
  Vashnia (Snake:3)
  10 golden dragons
  5 curse toes
  the Enchantress (D:15)
  A profane servitor (D:15)
  A bone dragon (Depths:4)
  Nikola (Elf:3)
  4 electric golems
  A Tzitzimitl (Depths:3)
  Jorgrun (D:12)
  3 walking crystal tomes
  2 pandemonium lords
  A walking earthen tome (Depths:2)
  16 tentacled monstrosities
  2 liches
  27 Orb Guardians
  4 titans
  5 quicksilver dragons
  Rupert (D:14)
  A deep elf master archer (Elf:3)
  5 deep elf blademasters
  A walking frostbound tome (Depths:2)
  A walking divine tome (Depths:2)
  Asterion (Vaults:2)
  4 sphinxes
  24 acid blobs
  Gastronok (D:8)
  3 tentacled starspawn (Abyss:4)
  19 storm dragons
  Agnes (Elf:1)
  Aizul (Elf:3)
  12 shadow dragons
  Donald (Elf:1)
  Kirke (Lair:2)
  2 thorn hunters (Swamp:4)
  10 death cobs
  10 tengu reavers
  A rockslime (shapeshifter) (Depths:2)
  12 azure jellies
  6 draconian monks
  4 draconian knights
  2 fenstrider witches
  5 nagarajas
  A daeva (Depths:2)
  19 frost giants
  5 deep elf sorcerers
  8 fire giants
  Louise (Swamp:4)
  10 draconian scorchers
  21 vault wardens
  14 rockslimes
  6 iron dragons
  2 orc warlords
  The ghost of Kurtz the Severer, a journeyman NaDe of Zin (Orc:1)
  3 deep elf elementalists (Elf:3)
  3 ghouls (Swamp:1)
  3 ghost moths
  4 draconian shifters
  11 stone giants
  5 formless jellyfish
  2 draconian stormcallers
  13 quicksilver oozes
  14 ironbound thunderhulks
  2 draconian annihilators (Zot:3)
  3 war gargoyles
  2 vampire knights
  15 very ugly things
  14 ironbound preservers
  6 spriggan defenders
  3 eleionomae
  11 green draconians
  3 demonspawn black suns (Zot:1)
  A demonspawn corrupter (Zot:4)
  A demonspawn blood saint (Depths:4)
  A starflower (Abyss:3)
  8 black draconians
  7 deep elf demonologists
  8 spark wasps
  11 purple draconians
  A dire elephant (shapeshifter) (Vaults:5)
  A minotaur (Gauntlet)
  7 white draconians
  5 bunyips
  18 dire elephants
  11 yellow draconians
  7 deep elf death magi
  4 deep elf annihilators
  12 red draconians
  A green death (D:8)
  A crystal guardian (Vaults:4)
  13 ettins
  6 deep elf high priests
  7 fire dragons
  14 yaktaur captains
  An entropy weaver (Vaults:1)
  Josephine (D:10)
  17 great orbs of eyes
  3 jiangshi (Depths:3)
  A hell beast (Zot:1)
  34 vault guards
  24 hydras
  Fannar (D:12)
  10 spriggan air magi
  4 ogre magi
  2 ghost crabs (Swamp:1)
  6 ice dragons
  13 centaur warriors
  A peacekeeper (Vaults:4)
  7 rakshasas
  3 catoblepae
  Erica (Lair:1)
  7 ironbound frosthearts
  11 boulder beetles
  12 alligators
  35 dancing weapons
  5 tengu warriors
  14 two-headed ogres
  7 deep troll earth magi
  5 deep troll shamans
  11 anacondas
  6 death yaks (Lair:5)
  Urug (Lair:3)
  9 naga sharpshooters
  An orc high priest (Orc:2)
  A vampire mage (Depths:4)
  8 shock serpents
  23 hell knights
  21 naga warriors
  6 spriggan berserkers
  2 soul eaters
  9 spriggans
  2 salamander mystics (Snake:2)
  19 deep elf knights
  7 iron trolls
  2 skysharks (Lair:4)
  2 sixfirhies
  2 wretched stars (Abyss:4)
  8 sea snakes
  2 flayed ghosts (Depths:1)
  A spectral anaconda (Lair:5)
  A spatial maelstrom (Abyss:3)
  2 spriggan druids
  4 goliath frogs
  Pikel (D:5)
  10 naga ritualists
  42 deep trolls
  2 bog bodies
  15 deep elf archers
  A glowing orange brain (shapeshifter) (Depths:1)
  4 glowing orange brains
  2 shadow demons
  5 orc knights
  6 lindwurms
  10 swamp dragons
  4 phantasmal warriors
  34 deep elf pyromancers
  2 deep trolls (shapeshifter)
  A steelbarb worm (shapeshifter) (Depths:2)
  A harpy (shapeshifter) (Elf:3)
  4 harpies
  8 wizards
  9 necromancers
  16 ironbound convokers
  33 deep elf zephyrmancers
  A manticore (D:11)
  3 shining eyes
  A shining eye (shapeshifter) (Depths:3)
  26 ugly things
  A cyclops (D:15)
  15 mana vipers
  A wolf spider (shapeshifter) (Depths:2)
  12 salamanders
  An oklob plant (Orc:1)
  3 orc sorcerers
  21 elephants
  5 will-o-the-wisps
  Maurice (Orc:2)
  42 black mambas
  28 moths of wrath
  3 eyes of devastation
  9 guardian serpents
  19 vault sentinels
  A torpor snail (shapeshifter) (Vaults:5)
  7 cane toads
  3 torpor snails
  A cane toad (shapeshifter) (D:15)
  15 naga magi
  8 unseen horror zombies (D:9)
  2 efreet
  An unseen horror (Abyss:3)
  5 rime drakes
  A hellion (Depths:2)
  8 komodo dragons
  A freezing wraith (Vaults:5)
  47 yaktaurs
  4 tengu conjurers
  An ancient zyme (Abyss:4)
  2 polar bears
  10 tyrant leeches
  13 trolls
  A spectral elephant (Lair:5)
  Grinder (D:8)
  6 hornets
  9 blink frogs
  4 large abominations
  120 slime creatures
  3 air elementals
  5 wraiths
  Sigmund (D:6)
  7 water elementals
  3 hogs (Lair:2)
  58 yaks
  6 wyverns
  4 vampires
  A dire elephant simulacrum (Lair:5)
  5 fire elementals
  A golden eye (shapeshifter) (D:13)
  3 basilisks
  2 chaos spawn (Abyss:3)
  A neqoxec (Abyss:4)
  20 golden eyes
  Grum (D:10)
  2 small abominations (Gauntlet)
  3 death yak simulacra (Lair:5)
  4 vampire mosquitoes
  9 wargs
  41 nagas
  A redback (shapeshifter) (Vaults:5)
  Edmund (D:5)
  20 swamp worms
  2 spatial vortices (Abyss:3)
  A hell hound (Lair:3)
  19 water moccasins
  An acid dragon (D:10)
  55 orc warriors
  8 swamp drakes
  An ice beast (D:6)
  6 black bears
  A sky beast (D:7)
  10 wolves
  26 centaurs
  10 ogres
  An elephant skeleton (Lair:5)
  A phantom (D:6)
  2 kobold brigands
  Blork the orc (D:5)
  2 elf zombies (Ossuary)
  12 bullfrogs
  4 gnoll sergeants
  2 necrophages (Swamp:2)
  3 scorpions
  2 cane toad simulacra (Lair:5)
  4 wights (D:6)
  2 elephant simulacra (Lair:5)
  18 killer bees
  4 howler monkeys
  3 electric eels
  2 centaur zombies (D:9)
  A hound (D:4)
  22 orc priests
  2 human zombies (Ossuary)
  5 jellies
  5 starcursed masses (Abyss:4)
  3 sleepcaps (D:6)
  Jessica (D:3)
  4 iguanas
  37 orc wizards
  12 hell rats (Lair:3)
  2 mummies (Ossuary)
  Robin (D:3)
  11 adders
  19 gnolls
  A shadow imp (D:7)
  A white imp (D:6)
  3 adder zombies (Ossuary)
  3 dart slugs
  89 orcs
  3 bats
  An endoplasm (D:3)
  A giant cockroach (D:1)
  13 goblins
  7 hobgoblins
  3 jackals
  12 kobolds
  2 quokkas
  6 ball pythons
  4 frilled lizards
  A goblin zombie (Ossuary)
  7 hobgoblin zombies (Ossuary)
  2 jackal zombies (Ossuary)
  11 kobold zombies (Ossuary)
  7 orc zombies (Ossuary)
  5 rats
  2 rat zombies (Ossuary)
  2 starspawn tentacles (Abyss:4)
2360 creatures vanquished.

Vanquished Creatures (others)
  A balrug (Depths:4)
  A war gargoyle (Vaults:4)
  A naga warrior (Snake:4)
  A komodo dragon (Lair:1)
  A bloated husk (Swamp:3)
  A tyrant leech (Swamp:1)
  A water elemental (Elf:1)
  A yak (Lair:1)
  A ynoxinul (D:6)
  A human (Lair:3)
  A swamp worm (Swamp:1)
  An orc (D:9)
  A goblin (D:3)
  16 foxfires
  8 starspawn tentacles (Abyss:4)
37 creatures vanquished.

Grand Total: 2397 creatures vanquished

Notes
Turn   | Place    | Note
-------+----------+-------------------------------------------
     0 | D:1      | RepHenryClay the Minotaur Gladiator began the quest for the
                  | Orb.
     0 | D:1      | Reached XP level 1. HP: 18/18 MP: 0/0
    61 | D:1      | Found Rist's Armour Shop.
    78 | D:1      | Reached skill level 1 in Armour
   214 | D:1      | Bought a +0 pair of gloves for 54 gold pieces
   258 | D:1      | Reached XP level 2. HP: 25/25 MP: 1/1
   788 | D:2      | Reached XP level 3. HP: 29/30 MP: 2/2
   850 | D:2      | Found a faded altar of an unknown god.
  1298 | D:3      | Found a runed translucent door.
  1299 | D:3      | Noticed Crazy Yiuf
  1320 | D:3      | Noticed Jessica
  1324 | D:3      | Killed Jessica
  1325 | D:3      | Reached XP level 4. HP: 18/37 MP: 3/3
  1406 | D:3      | Noticed Robin
  1444 | D:3      | Killed Robin
  1445 | D:3      | Reached skill level 5 in Armour
  1532 | D:3      | Found Hudwefau's Jewellery Emporium.
  1736 | D:3      | Found a stormy altar of Qazlal.
  1927 | D:4      | Reached XP level 5. HP: 42/42 MP: 4/4
  1987 | D:4      | Identified 2 scrolls of acquirement
  1987 | D:4      | Acquired the -1 cloak of the Armadillo {rElec rF+ Str+4}
  1994 | D:4      | Acquired the +5 flail of Slow Death {freeze, rF+ rCorr}
  2130 | D:4      | Found a sparkling altar of Nemelex Xobeh.
  2130 | D:4      | Found a hazy altar of Hepliaklqana.
  2251 | D:4      | Found a sand-covered staircase.
  2258 | Ossuary  | Entered an ossuary
  2405 | Ossuary  | Reached XP level 6. HP: 45/50 MP: 5/5
  2821 | D:4      | Found a white marble altar of Elyvilon.
  2954 | D:5      | Entered Level 5 of the Dungeon
  3058 | D:4      | Reached XP level 7. HP: 43/56 MP: 6/6
  3190 | D:5      | Noticed Blork the orc
  3198 | D:5      | Killed Blork the orc
  3254 | D:5      | Reached skill level 10 in Armour
  3509 | D:5      | Noticed Pikel
  3510 | D:5      | Noticed Edmund
  3522 | D:5      | Killed Pikel
  3523 | D:5      | Reached XP level 8. HP: 62/62 MP: 7/7
  3530 | D:5      | Killed Edmund
  3940 | D:6      | Noticed Grinder
  3941 | D:6      | Noticed Jeremiah
  4353 | D:6      | Noticed Sigmund
  4361 | D:6      | Killed Sigmund
  4362 | D:6      | Reached skill level 5 in Maces & Flails
  4417 | D:6      | Reached XP level 9. HP: 61/68 MP: 8/8
  4560 | D:6      | Noticed a troll
  4579 | D:6      | Killed a troll
  4975 | D:6      | Reached skill level 10 in Maces & Flails
  5241 | D:7      | Found a staircase to the Ecumenical Temple.
  5289 | Temple   | Entered the Ecumenical Temple
  5320 | Temple   | Became a worshipper of Gozag Ym Sagoz the Greedy
  5367 | D:7      | Reached XP level 10. HP: 74/74 MP: 9/9
  6197 | D:8      | Paralysed by Grinder for 3 turns
  6490 | D:8      | Paralysed by Grinder for 2 turns
  6632 | D:8      | Killed Grinder
  7130 | D:8      | Found a staircase to the Lair.
  7503 | D:8      | Noticed Gastronok
  7518 | D:8      | Killed Gastronok
  7519 | D:8      | Reached skill level 15 in Maces & Flails
  7930 | D:9      | Reached XP level 11. HP: 80/80 MP: 10/10
  7959 | Lair:1   | Entered Level 1 of the Lair of Beasts
  8514 | Lair:1   | Reached skill level 5 in Dodging
  8524 | Lair:1   | Reached skill level 5 in Fighting
  8552 | Lair:1   | Found a dark tunnel.
  8557 | Volcano  | Entered a volcano
  8728 | Volcano  | Noticed a two-headed ogre
  8740 | Volcano  | Killed a two-headed ogre
  8807 | Volcano  | Noticed a two-headed ogre
  8814 | Volcano  | Killed a two-headed ogre
  8867 | Volcano  | Noticed a two-headed ogre
  8867 | Volcano  | Noticed a hell knight
  8874 | Volcano  | Killed a two-headed ogre
  8880 | Volcano  | Killed a hell knight
  9052 | Volcano  | Noticed a two-headed ogre
  9072 | Volcano  | Killed a two-headed ogre
  9078 | Volcano  | Noticed a two-headed ogre
  9087 | Volcano  | Killed a two-headed ogre
  9089 | Volcano  | Noticed an ogre mage
  9106 | Volcano  | Killed an ogre mage
  9107 | Volcano  | Reached XP level 12. HP: 76/102 MP: 11/11
  9583 | Lair:1   | Noticed Erica
  9595 | Lair:1   | Killed Erica
  9951 | Lair:2   | Noticed a catoblepas
 10131 | Lair:1   | Killed a catoblepas
 10194 | Lair:2   | Found a staircase to the Snake Pit.
 10525 | Lair:2   | Noticed a five-headed hydra
 10534 | Lair:2   | Killed a five-headed hydra
 10535 | Lair:2   | Reached skill level 10 in Fighting
 10767 | Lair:2   | Reached skill level 10 in Dodging
 11036 | Lair:3   | Noticed a seven-headed hydra
 11047 | Lair:3   | Killed a seven-headed hydra
 11048 | Lair:3   | Reached skill level 1 in Spellcasting
 11143 | Lair:3   | Found a gate leading to a gauntlet.
 11152 | Gauntlet | Entered a Gauntlet
 11152 | Gauntlet | Noticed a tengu warrior
 11152 | Gauntlet | Found a large runed translucent door.
 11152 | Gauntlet | Found a large runed translucent door.
 11152 | Gauntlet | Found a large runed translucent door.
 11152 | Gauntlet | Found a large runed translucent door.
 11152 | Gauntlet | Found a large runed translucent door.
 11152 | Gauntlet | Found a large runed translucent door.
 11152 | Gauntlet | Found a large runed translucent door.
 11152 | Gauntlet | Found a large runed translucent door.
 11152 | Gauntlet | Found a runed translucent door.
 11152 | Gauntlet | Found a runed translucent gate.
 11152 | Gauntlet | Found a transporter.
 11152 | Gauntlet | Found a transporter.
 11152 | Gauntlet | Found a runed translucent gate.
 11152 | Gauntlet | Found a transporter.
 11323 | Gauntlet | Found a transporter.
 11326 | Gauntlet | Found a transporter.
 11327 | Gauntlet | Found a runed translucent gate.
 11327 | Gauntlet | Found a runed translucent door.
 11331 | Gauntlet | Found a large runed translucent door.
 11331 | Gauntlet | Found a large runed translucent door.
 11342 | Gauntlet | Found a transporter.
 11343 | Gauntlet | Found a transporter.
 11395 | Gauntlet | Found a large runed translucent door.
 11395 | Gauntlet | Found a large runed translucent door.
 11396 | Gauntlet | Found a large runed translucent door.
 11396 | Gauntlet | Found a large runed translucent door.
 11397 | Gauntlet | Found a large runed translucent door.
 11397 | Gauntlet | Found a large runed translucent door.
 11401 | Gauntlet | Found a transporter.
 11413 | Gauntlet | Found a transporter.
 11417 | Gauntlet | Noticed a catoblepas
 11427 | Gauntlet | Found a transporter.
 11436 | Gauntlet | Noticed a tengu warrior
 11437 | Gauntlet | Found a transporter.
 11452 | Gauntlet | Found a transporter.
 11788 | Gauntlet | Identified the +1 war axe of the Lamprey {holy, Dex+3}
 11801 | Gauntlet | Identified the +1 cloak of Lugonu's Reproof {Str+4}
 11809 | Gauntlet | Identified the ring "Pesiph" {rPois rN+ SInv}
 11809 | Gauntlet | Noticed a minotaur
 11848 | Gauntlet | Killed a minotaur
 12083 | Gauntlet | Identified the +1 ring mail "Qireillo" {Rampage Dex+2}
 12353 | Lair:3   | Reached XP level 13. HP: 102/113 MP: 14/14
 12467 | Lair:3   | Identified the +1 spear "Koid" {antimagic, Will- rCorr
                  | Dex+8}
 12647 | Lair:3   | Noticed Kirke
 12700 | Lair:2   | Killed Kirke
 13274 | Lair:3   | Reached skill level 15 in Armour
 13646 | Lair:3   | Found a staircase to the Swamp.
 14045 | Lair:4   | Noticed Urug
 14174 | Lair:3   | Killed Urug
 14618 | Lair:4   | Found the +8 pair of quick blades "Gyre" and "Gimble"
                  | {protect}
 15065 | Lair:5   | Entered Level 5 of the Lair of Beasts
 15070 | Lair:5   | Found a staircase to the Slime Pits.
 16050 | Lair:5   | Noticed a dire elephant
 16050 | Lair:5   | Noticed a dire elephant
 16050 | Lair:5   | Noticed a dire elephant
 16110 | Lair:5   | Reached XP level 14. HP: 121/121 MP: 15/15
 17803 | D:9      | Found an ornate altar of the Wu Jian Council.
 17876 | D:9      | Found a basalt altar of Yredelemnul.
 18628 | D:10     | Entered Level 10 of the Dungeon
 18785 | D:10     | Noticed Grum
 18807 | D:10     | Killed Grum
 19297 | D:10     | Found a runed translucent gate.
 19297 | D:10     | Found a runed translucent gate.
 19297 | D:10     | Found a runed translucent gate.
 19398 | D:10     | Noticed Josephine
 19404 | D:10     | Killed Josephine
 19704 | D:11     | Found a portal to a secret trove of treasure.
 19781 | D:11     | Found a staircase to the Orcish Mines.
 20685 | Orc:1    | Entered Level 1 of the Orcish Mines
 20989 | D:11     | Reached XP level 15. HP: 62/134 MP: 16/16
 21617 | Orc:1    | Found Muate's Distillery.
 21783 | Orc:1    | Found a runed translucent door.
 21796 | Orc:1    | Noticed Kurtz's ghost (journeyman NaDe)
 22067 | Orc:1    | Killed Kurtz's ghost
 22305 | Orc:2    | Entered Level 2 of the Orcish Mines
 22825 | Orc:2    | Found Qoss's Armour Shop.
 22825 | Orc:2    | Found Syxze's General Store.
 22825 | Orc:2    | Found Qoutapt's Antique Weapon Boutique.
 22825 | Orc:2    | Found Xampot's Assorted Antiques.
 23035 | Orc:2    | Found a staircase to the Elven Halls.
 23207 | Orc:2    | Bought a fine ivory amulet for 135 gold pieces
 23207 | Orc:2    | Identified the amulet "Dacs" {RegenMP rPois SInv} (You
                  | bought it in a shop on level 2 of the Orcish Mines)
 23207 | Orc:2    | Bought a scroll labelled ELONOE UHIOCU for 27 gold pieces
 23958 | Orc:2    | Noticed Maurice
 23964 | Orc:2    | Killed Maurice
 24600 | D:12     | Noticed Fannar
 24609 | D:12     | Killed Fannar
 24769 | D:12     | Noticed Jorgrun
 24779 | D:12     | Killed Jorgrun
 26246 | D:13     | Found a gate to the Vaults.
 26379 | D:14     | Noticed Rupert
 26397 | D:14     | Killed Rupert
 26846 | Orc:2    | Bought a +0 pair of boots for 63 gold pieces
 27531 | D:15     | Entered Level 15 of the Dungeon
 28325 | D:15     | Found a white marble altar of Elyvilon.
 28327 | D:15     | Found a blossoming altar of Fedhas.
 28327 | D:15     | Found a white marble altar of Elyvilon.
 28329 | D:15     | Found a broken altar of Ashenzari.
 28329 | D:15     | Found a radiant altar of Vehumet.
 28329 | D:15     | Found a shimmering altar of Xom.
 28530 | D:15     | Found a staircase to the Depths.
 29093 | Swamp:1  | Entered Level 1 of the Swamp
 29115 | Swamp:1  | Noticed a fenstrider witch
 29131 | Swamp:1  | Reached XP level 16. HP: 147/147 MP: 17/17
 29813 | Swamp:1  | Reached skill level 15 in Fighting
 30190 | Swamp:1  | Upgraded the game from 0.31-a0-851-g7ff8af7976 to
                  | 0.31-a0-854-g362426d53f
 31463 | Swamp:2  | Found a shimmering blue altar of Sif Muna.
 31972 | Swamp:2  | Reached skill level 15 in Dodging
 32910 | Swamp:4  | Entered Level 4 of the Swamp
 33181 | Swamp:4  | Noticed Louise
 33210 | Swamp:4  | Killed Louise
 33823 | Swamp:4  | Noticed a thorn hunter
 34180 | Swamp:4  | Noticed a thorn hunter
 34212 | Swamp:4  | Killed a thorn hunter
 34270 | Swamp:4  | Reached XP level 17. HP: 160/160 MP: 18/18
 34721 | Swamp:4  | Got a decaying rune of Zot
 35035 | Snake:1  | Entered Level 1 of the Snake Pit
 35049 | Snake:1  | Identified the +4 halberd of the Fool {drain, +Blink rPois
                  | rN+ Stlth-}
 36706 | Snake:2  | Reached skill level 1 in Shields
 36935 | Snake:2  | Reached skill level 5 in Shields
 38133 | Snake:2  | Found Neemaseiz's Overcharged Wands.
 38141 | Snake:2  | Bought a wand of digging (11) for 693 gold pieces
 38899 | Snake:3  | Noticed Vashnia
 38932 | Snake:3  | Killed Vashnia
 40109 | Snake:3  | Reached XP level 18. HP: 167/172 MP: 19/19
 40503 | Snake:4  | Entered Level 4 of the Snake Pit
 42887 | Snake:4  | Got a serpentine rune of Zot
 43621 | Vaults:1 | Entered Level 1 of the Vaults
 44975 | Vaults:1 | Found Boenuv's Armour Shoppe.
 44998 | Vaults:1 | Reached XP level 19. HP: 127/183 MP: 20/20
 45145 | Vaults:1 | Bought a +0 pair of gloves of strength for 195 gold pieces
 45729 | Vaults:1 | Bought a jewelled hat for 315 gold pieces
 45729 | Vaults:1 | Identified the +1 hat of Parts Unknown {Str+4} (You bought
                  | it in a shop on level 1 of the Vaults)
 45729 | Vaults:1 | Bought a pair of runed boots for 262 gold pieces
 45755 | Vaults:1 | Bought a scroll of enchant weapon for 135 gold pieces
 45755 | Vaults:1 | Bought a scroll of enchant weapon for 135 gold pieces
 45755 | Vaults:1 | Bought a scroll of enchant weapon for 135 gold pieces
 45760 | Vaults:1 | Bought a pair of smoking gloves for 370 gold pieces
 45760 | Vaults:1 | Identified the +1 pair of gloves "Owojux" {Contam Dex+5}
                  | (You bought it in a shop on level 1 of the Vaults)
 45771 | Vaults:1 | Bought a scroll labelled SUEMOR DEDEXAPT for 44 gold pieces
 45776 | Vaults:1 | Bought a glowing buckler for 300 gold pieces
 45776 | Vaults:1 | Bought a scroll of teleportation for 120 gold pieces
 45790 | Vaults:1 | Bought a scroll of acquirement for 572 gold pieces
 45790 | Vaults:1 | Bought a scroll of teleportation for 33 gold pieces
 45790 | Vaults:1 | Bought a scroll of teleportation for 33 gold pieces
 45790 | Vaults:1 | Acquired 578 gold pieces
 45799 | Vaults:1 | Bought the ring of Mani {rF+ Will+ Dex+3} for 588 gold
                  | pieces
 45879 | Vaults:2 | Found a staircase to the Crypt.
 45879 | Vaults:2 | Found a basalt altar of Yredelemnul.
 45880 | Vaults:2 | Found an ancient bone altar of Kikubaaqudgha.
 46330 | Vaults:2 | Noticed Mennas
 46466 | Vaults:2 | Killed Mennas
 46781 | Vaults:2 | Paralysed by a formless jellyfish for 1 turns
 46794 | Vaults:2 | Noticed Bai Suzhen
 47338 | Vaults:2 | Noticed Asterion
 47349 | Vaults:2 | Killed Asterion
 48153 | Vaults:1 | Bought a ring of flight for 227 gold pieces
 48206 | Vaults:1 | Killed Bai Suzhen
 49364 | Vaults:2 | Found a staircase to the Crypt.
 49364 | Vaults:2 | Found an ancient bone altar of Kikubaaqudgha.
 49366 | Vaults:2 | Found a basalt altar of Yredelemnul.
 49824 | Vaults:2 | Upgraded the game from 0.31-a0-854-g362426d53f to
                  | 0.31-a0-859-g9dce7d3444
 50301 | Vaults:3 | Found Mirchudie's Book Emporium.
 51419 | Vaults:3 | Reached XP level 20. HP: 121/192 MP: 21/21
 51873 | Vaults:4 | Paralysed by a formless jellyfish for 1 turns
 52812 | Vaults:4 | Reached skill level 1 in Evocations
 53141 | Vaults:4 | Noticed Mara
 53152 | Vaults:4 | Killed Mara
 53624 | Vaults:4 | Reached skill level 5 in Evocations
 54029 | Depths:1 | Entered Level 1 of the Depths
 54411 | Depths:1 | Noticed the Enchantress
 54478 | D:15     | Killed the Enchantress
 54745 | Orc:2    | Bought the orb "Akuhe" {*Rage, rPois Slay+5} for 604 gold
                  | pieces
 55837 | Depths:1 | Identified the +4 ring mail "Ufe Xude" {Rampage +Blink
                  | rCorr Stlth+}
 55922 | Depths:1 | Noticed Margery
 55942 | Depths:1 | Killed Margery
 56198 | Depths:1 | Found a bloodstained altar of Trog.
 56224 | Depths:1 | Reached XP level 21. HP: 162/199 MP: 22/22
 56338 | Depths:1 | Reached skill level 10 in Evocations
 56344 | Depths:1 | Identified the +8 mace "Fijan" {holy, rF+ rCorr}
 56401 | Depths:1 | Found a gateway to Hell.
 56770 | Depths:2 | Noticed Vv
 57263 | Depths:1 | Killed Vv
 57519 | Depths:2 | Found a one-way gate leading to the halls of Pandemonium.
 57870 | Depths:2 | Found a one-way gate to the infinite horrors of the Abyss.
 57881 | Depths:2 | You fall into a shaft and drop 2 floors!
 57881 | Depths:4 | Entered Level 4 of the Depths
 58058 | Abyss:2  | Cast into level 2 of the Abyss (hell knight)
 58206 | Depths:3 | Escaped the Abyss
 58355 | Depths:3 | Found Kakimoth's Weapon Emporium.
 59085 | Depths:2 | Noticed a juggernaut
 59117 | Depths:2 | Killed a juggernaut
 59145 | Depths:2 | Noticed a caustic shrike
 59150 | Depths:2 | Killed a caustic shrike
 59490 | Depths:2 | Got an engraved book
 59506 | Depths:2 | Identified the +10 falchion of the Living Dead {flame,
                  | +Blink rF++ rCorr Stlth+}
 59653 | Depths:2 | Got a droning book
 60047 | Depths:3 | Found a radiant altar of Vehumet.
 60801 | Depths:3 | Reached XP level 22. HP: 198/213 MP: 23/23
 61095 | Depths:3 | Noticed a juggernaut
 61107 | Depths:3 | Killed a juggernaut
 61152 | Depths:3 | Noticed a caustic shrike
 61163 | Depths:3 | Killed a caustic shrike
 61540 | Depths:3 | Identified the +9 ring mail "Hurghy" {rC+ Stlth+}
 61549 | Depths:3 | Noticed a caustic shrike
 61549 | Depths:3 | Noticed a golden dragon
 61568 | Depths:3 | Killed a golden dragon
 61576 | Depths:3 | Killed a caustic shrike
 61677 | Depths:3 | Found a runed translucent door.
 61679 | Depths:3 | Found a runed translucent door.
 61717 | Depths:3 | Found a runed translucent door.
 62066 | Depths:4 | Found an opulent altar of Gozag.
 63072 | Depths:4 | Noticed a golden dragon
 63084 | Depths:4 | Killed a golden dragon
 63689 | Depths:4 | Found a one-way gateway to a ziggurat.
 63935 | Depths:4 | Found a gate to the Realm of Zot.
 64286 | Elf:1    | Entered Level 1 of the Elven Halls
 64290 | Elf:1    | Found Xien's Antique Armour Emporium.
 64349 | Elf:1    | Bought a runed scarf for 248 gold pieces
 65160 | Elf:1    | Noticed Agnes
 65163 | Elf:1    | Killed Agnes
 65171 | Elf:1    | Noticed Donald
 65184 | Elf:1    | Killed Donald
 65529 | Elf:1    | Identified the ring "Eladdupn" {Drain rF+++ Will+ Str+4
                  | SInv}
 65826 | Elf:2    | Found Kuruhinu's Magic Scroll Shoppe.
 65832 | Elf:2    | Bought a scroll of teleportation for 60 gold pieces
 65849 | Elf:2    | Paralysed by an air elemental for 1 turns
 65851 | Elf:2    | Paralysed by an air elemental for 1 turns
 65955 | Elf:2    | Reached XP level 23. HP: 225/225 MP: 24/24
 66162 | Elf:2    | Found a runed translucent gate.
 66162 | Elf:2    | Found a runed translucent gate.
 66163 | Elf:2    | Found a runed translucent gate.
 66218 | Elf:2    | Noticed DocEon's ghost (adept VSEn)
 66311 | Elf:2    | Found a transporter.
 66316 | Elf:2    | Found a bloodstained altar of Trog.
 66328 | Elf:2    | Found a transporter.
 67137 | Elf:3    | Entered Level 3 of the Elven Halls
 67281 | Elf:3    | Noticed Nikola
 67285 | Elf:3    | Killed Nikola
 67805 | Elf:3    | Noticed Aizul
 67813 | Elf:3    | Killed Aizul
 68089 | Elf:3    | Identified the +5 whip of Abomination {venom, Int+4}
 68142 | Elf:3    | Identified the +9 whip "Ymnyduh" {vamp, rF- rN+++ Will-
                  | rCorr}
 68371 | Elf:3    | Identified the +8 spear "Kiupp" {pain, rPois}
 68519 | Elf:3    | Got an ancient book
 69709 | Vaults:1 | Bought an amulet of regeneration for 390 gold pieces
 69976 | Slime:1  | Entered Level 1 of the Pits of Slime
 70258 | Slime:2  | Gained mutation: You are weak. (Str -2) [a shining eye]
 70424 | Slime:2  | Reached skill level 10 in Shields
 71713 | Slime:4  | Reached XP level 24. HP: 184/237 MP: 24/24
 72108 | Slime:5  | Entered Level 5 of the Pits of Slime
 72431 | Slime:5  | Gained mutation: Your spells are a little easier to cast,
                  | but a little less powerful. [a shining eye]
 72434 | Slime:5  | Gained mutation: You possess an exceptional clarity of
                  | mind. [a shining eye]
 72513 | Slime:5  | Found a viscous altar of Jiyva.
 72536 | Slime:5  | Noticed the Royal Jelly
 72692 | Slime:5  | Reached skill level 15 in Shields
 72945 | Slime:5  | Killed the Royal Jelly
 73446 | Slime:5  | Identified the +8 quarterstaff of Adverse Possession
                  | {venom, rF+ rC+ Str-2}
 73449 | Slime:5  | Got a tattered book
 73582 | Slime:5  | Got a slimy rune of Zot
 73592 | Slime:5  | Identified the ring of Equilibrium {rN+ Str+6}
 73738 | Slime:5  | Identified the +3 leather armour of Squeaky Mirth {Stlth+}
 73758 | Slime:5  | Identified the +7 short sword "Lanug" {holy, Fragile rC+
                  | Dex+9}
 74238 | Zot:1    | Entered Level 1 of the Realm of Zot
 74385 | Zot:1    | Noticed an orb of fire
 74399 | Zot:1    | Gained mutation: You occasionally lose the ability to drink
                  | potions when taking damage. [an orb of fire]
 74406 | Zot:1    | Killed an orb of fire
 74444 | Zot:1    | Identified the +4 sling of Forgiveness {drain, *Corrode rF+
                  | rC+ rN+ Str-5}
 75257 | Zot:2    | Noticed a Killer Klown
 75278 | Zot:2    | Killed a Killer Klown
 75899 | Zot:2    | Identified the +0 buckler of the Nexus {Fly rF+ rC- Str+2}
 76552 | Zot:2    | Noticed an ancient lich
 76576 | Zot:2    | Killed an ancient lich
 76807 | Zot:3    | Noticed a Killer Klown
 76814 | Zot:3    | a Killer Klown changed into a golden dragon
 76933 | Zot:3    | Noticed a Killer Klown
 76947 | Zot:3    | Noticed a Killer Klown
 76958 | Zot:3    | Killed a Killer Klown
 76959 | Zot:3    | Reached skill level 27 in Armour
 77320 | Zot:3    | Reached XP level 25. HP: 128/247 MP: 24/24
 78493 | Zot:3    | Killed a Killer Klown
 79368 | Zot:4    | Noticed a Killer Klown
 79490 | Zot:4    | Killed a Killer Klown
 81200 | Vaults:5 | Entered Level 5 of the Vaults
 81602 | Vaults:5 | Identified the ring of Woerghib {rPois Int+3}
 81618 | Vaults:5 | Reached skill level 27 in Dodging
 81739 | Vaults:5 | Got a silver rune of Zot
 81812 | Vaults:5 | Identified the +9 war axe of Unimasei {venom, rF+ MP-9
                  | Int+2}
 81829 | Vaults:5 | Identified the ring of Penk {Dex+5 SInv}
 81949 | Vaults:5 | Noticed Saint Roka
 81968 | Vaults:5 | Killed Saint Roka
 82023 | Vaults:5 | Reached skill level 27 in Fighting
 82754 | Vaults:5 | Reached XP level 26. HP: 266/266 MP: 24/24
 82789 | Vaults:5 | Got a parchment book
 82807 | Vaults:5 | Identified the +11 falchion "Ybbesime" {heavy, Str-4 Int+6}
 83915 | Depths:4 | Bought a runed scarf for 376 gold pieces
 83917 | Depths:4 | Bought a fine broad axe for 288 gold pieces
 83917 | Depths:4 | Identified the +4 broad axe of Prescription {drain, rN+}
                  | (You bought it in a shop on level 4 of the Depths)
 84096 | Vaults:1 | Bought the ring of Immorality {Fly rPois} for 494 gold
                  | pieces
 84114 | Vaults:1 | Upgraded the game from 0.31-a0-859-g9dce7d3444 to
                  | 0.31-a0-865-g3d5d91748a
 84288 | Depths:2 | Voluntarily entered the Abyss.
 84327 | Abyss:4  | Found a corrupted altar of Lugonu.
 84328 | Abyss:4  | Found a corrupted altar of Lugonu.
 84394 | Abyss:4  | Got an abyssal rune of Zot
 84417 | Abyss:5  | Noticed a dread lich
 84425 | Depths:2 | Escaped the Abyss
 84702 | Zot:5    | Entered Level 5 of the Realm of Zot
 84748 | Zot:5    | Noticed an orb of fire
 84758 | Zot:5    | Gained mutation: You are extremely vulnerable to heat.
                  | (rF---) [an orb of fire]
 84767 | Zot:5    | Killed an orb of fire
 84979 | Zot:5    | Lost mutation: Your spells are a little easier to cast, but
                  | a little less powerful. [potion of mutation]
 84979 | Zot:5    | Lost mutation: You occasionally lose the ability to drink
                  | potions when taking damage. [potion of mutation]
 84979 | Zot:5    | Gained mutation: You have sharp toenails. [potion of
                  | mutation]
 84979 | Zot:5    | Gained mutation: Your mind is acute. (Int +4, Str/Dex -1)
                  | [potion of mutation]
 84979 | Zot:5    | Gained mutation: You are covered in fur. (AC +1) [potion of
                  | mutation]
 85441 | Zot:5    | Noticed an orb of fire
 85447 | Zot:5    | Noticed an orb of fire
 85458 | Zot:5    | Killed an orb of fire
 85467 | Zot:5    | Killed an orb of fire
 85645 | Zot:5    | Reached skill level 15 in Evocations
 86051 | Zot:5    | Noticed an orb of fire
 86052 | Zot:5    | Noticed an orb of fire
 86055 | Zot:5    | Gained mutation: Armour fits poorly on your strangely
                  | shaped body. [an orb of fire]
 86057 | Zot:5    | Gained mutation: You are very weak. (Str -4) [an orb of
                  | fire]
 86057 | Zot:5    | Noticed an orb of fire
 86061 | Zot:5    | Killed an orb of fire
 86069 | Zot:5    | Gained mutation: You have hidden genetic defects. [an orb
                  | of fire]
 86075 | Zot:5    | Killed an orb of fire
 86082 | Zot:5    | Killed an orb of fire
 86102 | Zot:5    | Noticed an ancient lich
 86109 | Zot:5    | Noticed an ancient lich
 86112 | Zot:5    | Killed an ancient lich
 86117 | Zot:5    | Killed an ancient lich
 87229 | Depths:4 | Bought +1 gold dragon scales for 1740 gold pieces
 87417 | Zot:5    | Lost mutation: You possess an exceptional clarity of mind.
                  | [potion of mutation]
 87417 | Zot:5    | Lost mutation: You are covered in fur. (AC +1) [potion of
                  | mutation]
 87417 | Zot:5    | Lost mutation: Your mind is acute. (Int +4, Str/Dex -1)
                  | [potion of mutation]
 87417 | Zot:5    | Gained mutation: You possess an exceptional clarity of
                  | mind. [potion of mutation]
 87418 | Zot:5    | Lost mutation: You are very weak. (Str -4) [potion of
                  | mutation]
 87418 | Zot:5    | Lost mutation: You are weak. (Str -2) [potion of mutation]
 87418 | Zot:5    | Lost mutation: You have sharp toenails. [potion of
                  | mutation]
 87418 | Zot:5    | Gained mutation: You are frail. (-10% HP) [potion of
                  | mutation]
 87418 | Zot:5    | Gained mutation: You expend magic power (3 MP) to
                  | strengthen your wands. [potion of mutation]
 87418 | Zot:5    | Gained mutation: Your mind is acute. (Int +4, Str/Dex -1)
                  | [potion of mutation]
 87419 | Zot:5    | Lost mutation: You are vulnerable to heat. (rF-) [potion of
                  | mutation]
 87419 | Zot:5    | Lost mutation: You possess an exceptional clarity of mind.
                  | [potion of mutation]
 87419 | Zot:5    | Lost mutation: You have hidden genetic defects. [potion of
                  | mutation]
 87419 | Zot:5    | Gained mutation: Your muscles are strong. (Str +4, Int/Dex
                  | -1) [potion of mutation]
 87419 | Zot:5    | Gained mutation: You occasionally lose the ability to read
                  | scrolls when taking damage. [potion of mutation]
 87419 | Zot:5    | Gained mutation: You have a pair of large horns on your
                  | head. [potion of mutation]
 87420 | Zot:5    | Lost mutation: Your muscles are strong. (Str +4, Int/Dex
                  | -1) [potion of mutation]
 87420 | Zot:5    | Lost mutation: You occasionally lose the ability to read
                  | scrolls when taking damage. [potion of mutation]
 87420 | Zot:5    | Lost mutation: You expend magic power (3 MP) to strengthen
                  | your wands. [potion of mutation]
 87420 | Zot:5    | Lost mutation: Armour fits poorly on your strangely shaped
                  | body. [potion of mutation]
 87420 | Zot:5    | Gained mutation: You are strong-willed. (Will+) [potion of
                  | mutation]
 87504 | Zot:5    | Got the Orb of Zot
 87642 | Zot:1    | Noticed Loujih the pandemonium lord
 87655 | Zot:1    | Killed Loujih the pandemonium lord
 87703 | Zot:1    | Noticed Vokudel the pandemonium lord
 87756 | Depths:4 | Noticed a seraph
 87803 | Depths:3 | Reached XP level 27. HP: 191/245 MP: 24/24
 88102 | D:6      | Noticed Vosutenu the pandemonium lord
 88118 | D:5      | Killed Vosutenu the pandemonium lord
 88261 | D:$      | Escaped with the Orb!

Illustrated notes

Levels and vault maps discovered:
D:1:      minmay_arrival_semitransparent, layout_rooms, serial_shops, shop,
          minmay_misc_feat_roman, serial_park_tiny_pond, minmay_pentomino_t4
D:2:      layout_loops_corners, ebering_ecumenical_altar_abandoned
D:3:      layout_rooms, nicolae_qazlal_scattered_showers, serial_shops,
          nicolae_shop_tiny_glass, uniq_robin, uniq_jessica,
          uniq_crazy_yiuf_cottage
D:4:      layout_loops_ring, general_overflow_altar,
          nicolae_overflow_two_pavilions, chequers_ossuary_entry_cave
D:5:      layout_cave_pools, chequers_serial_rivers_marsh,
          kennysheep_small_circle, uniq_blork_the_orc, uniq_edmund, uniq_pikel
D:6:      layout_loops_ring, minmay_divided_ellipse, uniq_grinder,
          uniq_jeremiah, uniq_sigmund
D:7:      layout_gridville, minmay_temple_entry_antechambers
D:8:      layout_layer_cave, erik_lair_orcish_takeover, minivault_5, eino_jars,
          uniq_gastronok
D:9:      layout_roguey, nicolae_yredelemnul_corpse_copse,
          mainiacjoe_overflow_six_doors_small, minmay_chambers_of_fives
D:10:     layout_rooms, ploomutoo_gammafunk_ghost_potion_laboratory,
          nicolae_wwwww, minivault_27, uniq_josephine, uniq_grum
D:11:     layout_loops_ring, david_orc_1_choice, enter_trove_6,
          hangedman_decor_lopped
D:12:     minmay_evil_eye, layout_cave_pods, uniq_fannar, uniq_jorgrun
D:13:     layout_stronghold, david_vaults_4
D:14:     layout_irregular_city, uniq_rupert
D:15:     gammafunk_enter_depths_forms, layout_basic,
          chequers_serial_rivers_micro_e, doesnt_xom_only_xom
Temple:   kb_temple_of_zot
Lair:1:   layout_regular_city, enter_volcano_4, beast_lair_carwin_1,
          grunt_megastairs_2, infiniplex_staircase_pool_2, uniq_erica
Lair:2:   layout_roguey, guppyfry_snake_entry_island,
          chequers_serial_rivers_large_a
Lair:3:   layout_concentric_octagons, palyth_hydra_swamp_entry, special_room
          [special_room_mythical_zoo], gauntlet_entry_generic,
          nicolae_quartered_pool_medium, beast_lair_carwin_8, lemuel_fruit_tree,
          serial_bayou_shore_a, uniq_kirke
Lair:4:   layout_layer_cave, uniq_urug
Lair:5:   due_jungle_book, layout_gridlike, minmay_slime_entry_pillars,
          st_stairs_11
Swamp:1:  layout_falls_marsh, serial_swamp_ruin, hangedman_swamp_ruin_wall,
          evilmike_swamp_ruin_rubble_1
Swamp:2:  layout_basic_swamp, nicolae_swamp_godswood, infiniplex_staircase_pool
Swamp:3:  layout_basic_swamp, hangedman_swamp_ruin_hall, swamp_pool1
Swamp:4:  swamp, layout_basic_swamp, uniq_louise
Snake:1:  layout_chambers
Snake:2:  layout_gridlike, serial_bayou, serial_bayou_pond_d,
          serial_bayou_crossing, serial_bayou_pond_e, serial_bayou_pond_d,
          serial_bayou_shore_b, nicolae_shop_overcharged_wands
Snake:3:  layout_cave_shapes, nicolae_integral_box, uniq_vashnia
Snake:4:  grunt_snake_rune_pools, layout_rooms, nicolae_snake_slithery_hallway
Slime:1:  layout_caves
Slime:2:  layout_caves
Slime:3:  cheibrodos_slime_lost_civilization_9, layout_caves,
          nicolae_slime_round_cave
Slime:4:  layout_caves
Slime:5:  slime_pit_nicolae_inversion
Orc:1:    layout_diamond_mine, basic_altar, serial_shops, shop,
          gammafunk_ghost_grave, mines3_lemuel
Orc:2:    st_orc_rangers, layout_caves, uniq_maurice
Elf:1:    minmay_elf_arrival_summoners, layout_gridlike, serial_shops, shop,
          evilmike_minifort, grunt_megastairs_1, uniq_agnes, uniq_donald
Elf:2:    nicolae_elf_blades_splatter_lattice [mumra_blade_entry_bloodbath],
          layout_geoelf_diagonals, gammafunk_ghost_wrathful_warriors,
          serial_shops, nicolae_shop_stone, nicolae_elf_variegated_diamond
Elf:3:    minmay_elf_hall_circle, layout_geoelf_diagonals, uniq_aizul,
          uniq_nikola
Vaults:1: nicolae_vaults_steering_wheel, nicolae_vaults_network_square,
          nicolae_vaults_stepped_doors, ontoclasm_vaults_ring_small, st_cells,
          nicolae_vaults_border_crossing, v_misc_15,
          ontoclasm_vaults_decontamination, ontoclasm_vaults_ring_square,
          nicolae_vaults_closet_pinwheel_6,
          nicolae_vaults_taking_the_gang_shopping, nicolae_vaults_asterisk,
          layout_vaults_omnicross
Vaults:2: nicolae_vaults_little_squares_4, hangedman_vaults_stretched_pinwheel,
          minmay_crypt_entry_necro_gods, nicolae_vaults_sightless_eye,
          nicolae_vaults_storage_closets_1,
          nicolae_vaults_windows_and_doors_thing, nicolae_vaults_two_Ls,
          nicolae_vaults_tetromino_L_2, nicolae_vaults_tetromino_Z_1,
          nicolae_vaults_diamond_1, layout_vaults_omnigrid, uniq_bai_suzhen,
          uniq_asterion, uniq_mennas
Vaults:3: vaults_room_hallway, nicolae_vaults_offset_grid_hallway_3,
          nicolae_vaults_halls_meeting, nicolae_vaults_two_Ls,
          vaults_room_semicircle, nicolae_vaults_more_shelving_2,
          vaults_room_corners, nicolae_vaults_asterisk, v_pattern_3,
          vaults_dpeg_cross, vaults_mumra_minichess, nicolae_vaults_turnstiles,
          nicolae_vaults_sesquioval_fish, vaults_room_door_ring,
          layout_vaults_ring, serial_shops, shop
Vaults:4: nicolae_vaults_tetromino_L_1, vaults_mumra_hexcomb,
          nicolae_vaults_closet_pinwheel_2, nicolae_vaults_closet_pinwheel_2,
          grunt_vaults_focal, nicolae_vaults_diagonal_hallway_9,
          nicolae_vaults_wine_cellar, ontoclasm_vaults_bender,
          ontoclasm_vaults_gateway, vaults_mumra_chevron, vaults_mumra_lcd,
          ontoclasm_vaults_claustrophobia, nicolae_vaults_trapezoid_3,
          nicolae_vaults_apartment_2, nicolae_vaults_stairing_the_circle,
          layout_vaults_omnibox, uniq_mara
Vaults:5: uniq_saint_roka
Depths:1: hangedman_stitches_corridor, layout_cave_pools, grunt_metal_band,
          chequers_serial_rivers_micro_c, fountainhead, minivault_11, tgw_trog,
          uniq_enchantress
Depths:2: minmay_tearing_corner, layout_cave_pools, grunt_hell_entry_dis_grunt,
          rand_demon_pan_entry_8, abyss_entry, reono_crystal_passage,
          infiniplex_staircase_pillars_1, uniq_vv
Depths:3: minmay_the_grid_triangle_9x9_recursive_3_mashed
          [minmay_the_grid_triangle_9x9_descending_squares,
          minmay_the_grid_triangle_9x9_semitri,
          minmay_the_grid_triangle_9x9_subtriangle,
          minmay_the_grid_triangle_9x9_prize_center,
          minmay_the_grid_triangle_9x9_corruption,
          minmay_the_grid_triangle_9x9_impossible_snake,
          minmay_the_grid_triangle_9x9_tough_junction,
          minmay_the_grid_triangle_9x9_cache,
          minmay_the_grid_triangle_9x9_windchime], layout_cave_shapes,
          fiery_altar_vehumet, hell_entry, abyss_entry_small_statue_room,
          nicolae_stop_n_shop_1, infiniplex_staircase_x
Depths:4: grunt_zot_entry_gee_three, layout_cave_pools, enter_ziggurat_b,
          hell_entry, grunt_gozag_breadcrumbs, uniq_margery
Zot:1:    dreamdust_black_sun_cult, layout_twisted_circle, drop_trap,
          grunt_ministairs_8
Zot:2:    grunt_deathspiral_small, layout_onion_interference
Zot:3:    grunt_zot_stairs_faceoff, layout_gridville, st_stairs_5
Zot:4:    layout_cathedral_of_symmetry, grunt_megastairs_4
Zot:5:    layout_twisted_circle

Skill      XL: |  1  2  3  4  5  6  7  8  9 10 11 12 13 14 15 16 17 18 19 20 21 22 23 24 25 26 27 |
---------------+----------------------------------------------------------------------------------+-----
Armour         | 2 3 4 5 7 8 12 13 14 16 17 19 20 21 22 24 25 26 27 | 27.0
Maces & Flails | 5 11 15 16 17 19 20 21 | 21.9
Fighting       | 8 10 12 14 16 18 19 21 22 23 24 27 | 27.0
Dodging        | 7 10 11 13 15 16 20 22 23 24 25 27 | 27.0
Spellcasting   | 1 |  1.5
Shields        | 7 12 16 | 16.9
Evocations     | 9 10 11 17 18 | 18.0
Throwing       | |  2.0

Action                     |  1- 3 |  4- 6 |  7- 9 | 10-12 | 13-15 | 16-18 | 19-21 | 22-24 | 25-27 || total
---------------------------+-------+-------+-------+-------+-------+-------+-------+-------+-------++-------
  Melee: Flail             |    50 |   181 |   192 |   471 |       |       |       |       |       ||   894
         Headbutt          |     4 |    23 |    20 |   116 |   321 |   389 |   439 |   512 |   392 ||  2216
         Punch             |     1 |     1 |     3 |    12 |       |     1 |       |       |       ||    18
         Great mace        |       |       |       |    72 |  1348 |   485 |       |       |       ||  1905
         Eveningstar       |       |       |       |       |       |   957 |  1391 |  1693 |  1122 ||  5163
  Throw: Throwing net      |       |       |     3 |       |       |       |       |       |       ||     3
 Invoke: Potion Petition   |       |       |       |     1 |       |       |       |       |       ||     1
         Call Merchant     |       |       |       |       |       |       |     8 |       |     6 ||    14
  Evoke: Wand              |       |       |       |    18 |    11 |     2 |     8 |     8 |     8 ||    55
         Lightning rod     |       |       |       |       |       |     4 |     5 |    13 |     3 ||    25
         Condenser vane    |       |       |       |       |       |       |       |       |     1 ||     1
    Use: Scroll            |       |     9 |       |     9 |     7 |    13 |    14 |     2 |     6 ||    60
         Potion            |       |       |       |    21 |       |     6 |     4 |     4 |    19 ||    54
   Stab: Held in net/web   |       |       |     1 |       |       |       |       |       |       ||     1
         Distracted        |       |       |       |       |    11 |     7 |    10 |    15 |    11 ||    54
         Sleeping          |       |       |       |       |       |       |       |     1 |       ||     1
 Armour: Leather armour    |    24 |       |       |       |       |       |       |       |       ||    24
         Chain mail        |     7 |   155 |    62 |       |       |       |       |       |       ||   224
         Scale mail        |       |       |    87 |   370 |   498 |       |       |       |       ||   955
         Plate armour      |       |       |       |    36 |   585 |  1185 |   681 |   486 |   109 ||  3082
         Acid dragon scale |       |       |       |       |       |       |    24 |   387 |   278 ||   689
  Dodge: Dodged            |    35 |   113 |   107 |   280 |   931 |  1063 |   838 |  1324 |   633 ||  5324
  Block: Buckler           |       |       |       |       |       |   284 |   354 |   334 |       ||   972
         Reflection        |       |       |       |       |       |       |       |    43 |    41 ||    84
         Kite shield       |       |       |       |       |       |       |       |   552 |   687 ||  1239

Table legend: (Time is in decaauts)
 A = Elapsed time spent in this place.
 B = Non-inter-level travel time spent in this place.
 C = Inter-level travel time spent in this place.
 D = Time resting spent in this place.
 E = Time spent auto-exploring this place.
 F = Levels seen in this place.
 G = Mean time per level.
                   A        B        C        D        E       F      G
               +--------+--------+--------+--------+--------+-----+--------+
         Total |  86733 |  77252 |   9481 |  11593 |  49615 |  61 | 1421.9 |
       Dungeon |  18443 |  14977 |   3466 |   1730 |  10622 |  15 | 1229.5 |
        Temple |     62 |      1 |     61 |      0 |      0 |   1 |   62.0 |
          Lair |   9114 |   7899 |   1215 |   1688 |   4534 |   5 | 1822.8 |
         Swamp |   5740 |   5451 |    289 |   1118 |   3273 |   4 | 1435.0 |
     Snake Pit |   8066 |   7726 |    340 |   1536 |   4819 |   4 | 2016.5 |
    Slime Pits |   3771 |   3432 |    339 |    485 |   1948 |   5 |  754.2 |
  Orcish Mines |   3302 |   2801 |    501 |    521 |   1723 |   2 | 1651.0 |
   Elven Halls |   4399 |   4008 |    391 |    340 |   2619 |   3 | 1466.3 |
        Vaults |  12573 |  12002 |    571 |   1731 |   7690 |   5 | 2514.6 |
        Depths |   9510 |   8293 |   1217 |   1387 |   5154 |   4 | 2377.5 |
           Zot |   9510 |   8424 |   1086 |    489 |   6288 |   5 | 1902.0 |
         Abyss |    267 |    267 |      0 |      0 |     64 |   5 |   53.4 |
       Ossuary |    341 |    341 |      0 |      0 |    154 |   1 |  341.0 |
       Volcano |    683 |    683 |      0 |    194 |    366 |   1 |  683.0 |
      Gauntlet |    945 |    945 |      0 |    371 |    358 |   1 |  945.0 |
               +--------+--------+--------+--------+--------+-----+--------+

Top non-repeatable levels by time:
Vaults:2: 3362 daAuts
Depths:3: 3194 daAuts
Depths:1: 2864 daAuts
Vaults:1: 2793 daAuts
 Snake:3: 2487 daAuts
    D:15: 2392 daAuts
    D:11: 2369 daAuts
   Zot:3: 2365 daAuts
Vaults:5: 2324 daAuts
  Lair:3: 2314 daAuts
   Zot:5: 2285 daAuts
Vaults:3: 2101 daAuts
  Lair:5: 2094 daAuts
Depths:2: 2080 daAuts
   Orc:1: 2067 daAuts
